 Dungeon Crawl Stone Soup version 0.30.1-6-gbe392663c4 (webtiles) character file.

Game seed: 16670772378992283157

11 Cheops the Caller (level 2, -1/19 HPs)
             Began as a Merfolk Summoner on Sept 21, 2023.
             Slain by a ball python (3 damage)
             ... on level 1 of the Dungeon.
             The game lasted 00:02:50 (279 turns).

Cheops the Caller (Merfolk Summoner)                 Turns: 279, Time: 00:02:51

Health: -1/19      AC:  2    Str:  8    XL:     2   Next: 29%
Magic:  5/5        EV:  9    Int: 14    God:
Gold:   0          SH:  0    Dex: 14    Spells: 5/6 levels left

rFire   . . .        (no weapon)
rCold   . . .        (no shield)
rNeg    . . .        a - +0 robe
rPois   .            (no helmet)
rElec   .            (no cloak)
rCorr   .            (no gloves)
SInv    .            (no boots)
Will    .....        (no amulet)
Stlth   ++           (no ring)
HPRegen 0.23/turn    (no ring)
MPRegen 0.09/turn

%: no passive effects
@: constricted
A: (nimble swimmer 2), mertail
a: no special abilities


You were on level 1 of the Dungeon.
You visited 1 branch of the dungeon, and saw 1 of its levels.

Inventory:

Armour
 a - a +0 robe (worn)


   Skills:
 - Level 2.6 Dodging
 - Level 2.1 Stealth
 + Level 2.8 Spellcasting
 - Level 4.0 Summonings


You had 5 spell levels left.
You knew the following spells:

 Your Spells              Type           Power      Damage    Failure   Level
M - Summon Small Mammal   Summ           52%        N/A       4%          1

Your spell library contained the following spells:

 Spells                   Type           Power      Damage    Failure   Level
 Call Imp                 Summ           26%        N/A       6%          2
 Call Canine Familiar     Summ           13%        N/A       13%         3
 Apportation              Tloc           2%         N/A       22%         1
 Necrotise                Necr           4%         1d4       22%         1
 Summon Guardian Golem    Hex/Summ       7%         N/A       28%         3
 Summon Lightning Spire   Summ/Air       7%         N/A       67%         4


Dungeon Overview and Level Annotations

Branches:
Dungeon (1/15)

Altars:


Innate Abilities, Weirdness & Mutations

((You are very nimble when in or above water. (Stealth+, EV+, Speed+++)))
Your lower body shifts to a powerful aquatic tail in water.


Message History

Your bat barely misses the ball python.
The ball python loses its grip on your bat.
The jackal bites your quokka but does no damage.
The ball python closely misses your bat.
The ball python completely misses your bat.
Your bat hits the ball python.
An endoplasm comes into view.
Found 9 gold pieces.
Your bat closely misses the ball python.
You hit the jackal but do no damage. Your bat hits the ball python.
Your bat closely misses the ball python.
The jackal bites you.
* * * LOW HITPOINT WARNING * * *
The ball python enters a dispersal trap!
Your bat blinks!
Your quokka blinks!
The ball python blinks!
The jackal blinks! x2; The ball python blinks! x3
The jackal blinks!
The ball python blinks!
The jackal blinks! x2
Your bat blinks!
You blink.
The endoplasm attacks as you move away! The endoplasm closely misses you.
The ball python hisses angrily.
The endoplasm freezes you.
You are frozen.
* * * LOW HITPOINT WARNING * * *
As you read the scroll labelled IFURAMA TAOSM, it crumbles to dust.
It is a scroll of identify.
You don't currently have any unidentified items.
The jackal bites you.
* * * LOW HITPOINT WARNING * * *
The ball python barely misses you. The ball python grabs you.
The ball python constricts you.
* * * LOW HITPOINT WARNING * * *
The endoplasm freezes you.
You are frozen.
* * * LOW HITPOINT WARNING * * *
The jackal bites you but does no damage.
You aren't carrying any scrolls.
Unknown command.
Magic courses through your body. The ball python bites you.
You die...

(......§...####### #..........
...§.......# #..........
...........###########..........
................................
.....r.§.^.##########''####.....
.....§.....########.......#.....
.................##.♣.~~..#.....
...§.....r.....J.##....~..####..
.....§......S.S@####~..~~P#####.
###...........Sh# #..~≈..#.....
#.#.§.........# ##.~~~.P####..
#.##......h...###.~~~PP.# #.. #
............#.~≈≈~.PP#####.
.#.$........J##.~≈†≈~~#.....
......... ##.~≈≈~P#.####
.....#######.~≈≈≈~# # ##.~≈≈≈PP#
#


You could see 2 endoplasms, 2 jackals, 3 ball pythons and a friendly quokka
(summoned).

Vanquished Creatures
  A hobgoblin (D:1)
  A ball python (D:1)
  2 rats (D:1)
4 creatures vanquished.

Vanquished Creatures (collateral kills)
  A ball python (D:1)
  2 endoplasms (D:1)
  2 jackals (D:1)
  A bat (D:1)
  A kobold (D:1)
7 creatures vanquished.

Grand Total: 11 creatures vanquished

Notes
Turn   | Place    | Note
-------+----------+-------------------------------------------
     0 | D:1      | Cheops the Merfolk Summoner began the quest for the Orb.
     0 | D:1      | Reached XP level 1. HP: 13/13 MP: 3/3
   208 | D:1      | Reached XP level 2. HP: 19/19 MP: 2/5
   279 | D:1      | Slain by a ball python

Illustrated notes

Levels and vault maps discovered:
D:1:      lightli_arrival_windingriver, layout_rooms

Action                     || total
---------------------------++-------
  Melee: Unarmed           ||    29
         Tailslap          ||     1
   Cast: Summon Small Mamm ||    10
    Use: Scroll            ||     1
         Potion            ||     1
 Armour: Robe              ||    11
  Dodge: Dodged            ||    44
